 Dungeon Crawl Stone Soup version 0.24-a0-230-g536ed4e (webtiles) character file.

Game seed: 5297560415482447017

123 Mgcat the Ducker (level 4, 18/24 HPs)
             Began as a Spriggan Berserker on Apr 2, 2019.
             Was a Priest of Trog.
             Starved to death
             ... while paralysed
             ... on level 3 of the Dungeon.
             The game lasted 00:07:17 (2840 turns).

Mgcat the Ducker (Spriggan Berserker)               Turns: 2840, Time: 00:07:18

Health: 18/24      AC:  2    Str: 14    XL:     4   Next: 79%
Magic:  5/5        EV:  4    Int:  8    God:    Trog [***...]
Gold:   96         SH:  0    Dex: 15    Spells: 3/3 levels left

rFire    . . .     SeeInvis +   a - +0 short sword
rCold    + . .     Gourm    .   k - +2 buckler {rC+}
rNeg     . . .     Faith    .   b - +0 animal skin
rPois    .         Spirit   .   (helmet restricted)
rElec    .         Reflect  .   (no cloak)
rCorr    .         Harm     .   (gloves unavailable)
MR       .....                  (boots unavailable)
Stlth    +.........             (no amulet)
HPRegen  0.08/turn              (no ring)
MPRegen  0.09/turn              (no ring)

@: paralysed, fainting, very quick
A: very small, unfitting armour, see invisible, herbivore, speed 3, slow
metabolism 2
a: Berserk, Trog's Hand, Renounce Religion


You were on level 3 of the Dungeon.
You worshipped Trog.
Trog was most pleased with you.
You were fainting.

You visited 1 branch of the dungeon, and saw 3 of its levels.

You collected 96 gold pieces.

Inventory:

Hand Weapons
 a - a +0 short sword (weapon)
Missiles
 f - 52 stones (quivered)
 h - 26 sling bullets
Armour
 b - a +0 animal skin (worn)
 k - a +2 buckler of cold resistance (worn)
   (You found it on level 2 of the Dungeon)
Scrolls
 c - a scroll of amnesia {unknown}
 i - 3 scrolls of immolation {unknown}
 j - 2 scrolls of identify
Potions
 d - a potion of curing
 e - a potion of heal wounds {unknown}
 g - a potion of lignification {unknown}


   Skills:
 + Level 3.1 Fighting
 + Level 4.2 Short Blades
 - Level 1.3 Armour
 + Level 5.6 Dodging


You had 3 spell levels left.
You didn't know any spells.
Your spell library was empty.

Dungeon Overview and Level Annotations

Branches:
Dungeon (3/15)

Altars:
Dithmenos
Zin
The Shining One


Innate Abilities, Weirdness & Mutations

You are very small and have problems with some larger weapons.
You are too small for most types of armour.
You have supernaturally acute eyesight. (SInv)
You are a herbivore.
You cover ground extremely quickly.
You need to consume almost no food.


Message History

You see here an adder corpse.
f - 52 stones (gained 1)
You lose consciousness!
You can move again.
You lose consciousness!
You can move again.
Found an escape hatch in the ceiling.
Found an escape hatch in the floor.
Health restored: 24
There is an open door here.
There is an open door here.
(D) Dungeon
Where to? (Enter - D:2 @ (x,y), ? - help)
What level of the Dungeon? (default 1, ? - help)
There is an open door here.
You lose consciousness!
You can move again.
(D) Dungeon
Where to? (Enter - D:3, ? - help)
There is a stone staircase leading down here.
You climb downwards.
Found 8 bolts and 5 gold pieces.
Found a shadowy altar of Dithmenos and a glowing silver altar of Zin.
There is a stone staircase leading up here.
You need to eat something NOW!
An adder comes into view.
Spoiler Alert: The adder (sleeping) is fast and can poison!
There is a stone staircase leading up here.
You lose consciousness!
You can move again. 2 goblins come into view.
The goblin shouts!
A hobgoblin comes into view.
Found a short bone wand.
Found a stone staircase leading down.
Unknown command.
Unknown command.
The goblin shouts!
An orc comes into view. It is wielding a +0 mace.
You lose consciousness!
The orc shouts!
Found a robe.
Found a stone staircase leading down.
The orc hits you with a +0 mace. The goblin hits you but does no damage.
The goblin hits you but does no damage. The orc hits you with a +0 mace.
The goblin hits you but does no damage. The orc hits you with a +0 mace!
You can move again.
You take 12 damage, and have 12/24 hp.
MASSIVE DAMAGE!!
Unknown command.
Unknown command.
Unknown command.
Unknown command.
Unknown command.
Unknown command.
You closely miss the goblin. You block the goblin's attack.
Unknown command.
You barely miss the goblin. You block the orc's attack.
The goblin hits you but does no damage.
Unknown command.
It was a potion of might.
You feel very mighty all of a sudden. You block the orc's attack.
The goblin completely misses you.
You barely miss the orc. The orc misses you. The goblin barely misses you.
You closely miss the orc.
The goblin hits you with a cursed -1 dagger.
You block the orc's attack.
You take 1 damage, and have 12/24 hp.
You closely miss the orc. You block the goblin's attack.
You completely miss the orc. The orc closely misses you.
You block the goblin's attack.
You hit the orc.
The orc is lightly wounded.
The orc completely misses you.
You puncture the orc!
You kill the orc!
Trog accepts your kill.
The goblin hits you with a cursed -1 dagger.
You take 1 damage, and have 11/24 hp.
You puncture the goblin!
You kill the goblin!
Trog accepts your kill. You block the goblin's attack.
You see here a cursed -1 dagger.
You closely miss the goblin. The goblin completely misses you.
You barely miss the goblin. The goblin closely misses you.
You barely miss the goblin. You block the goblin's attack.
You puncture the goblin!
You kill the goblin!
Trog accepts your kill.
Things that are here:
a cursed -1 club; a goblin corpse You see here a cursed -1 dagger.
You're too hungry to rest.
Unknown command.
You lose consciousness!
You can move again.
You feel a little less mighty now.
You lose consciousness!
You can move again.
You lose consciousness!
You have starved to death.
You die...

.............
._8_...[....####
...............#
...........(.
#.......# #.#..#
#.<.## #####..#
#.)@)).##
#..####..# ....
##.## ....
#..### ...
##...# >[ ###.#
. #........
.........
..#....###


There were no monsters in sight!

Vanquished Creatures
  5 adders (D:2)
  An ooze (D:1)
  2 worms (D:2)
  A dart slug (D:2)
  2 leopard geckos (D:1)
  An orc (D:3)
  2 giant cockroaches
  6 goblins
  10 hobgoblins
  A quokka (D:2)
  8 bats
  4 frilled lizards
  9 kobolds
  16 rats
68 creatures vanquished.

Notes
Turn   | Place    | Note
-------+----------+-------------------------------------------
     0 | D:1      | Mgcat the Spriggan Berserker began the quest for the Orb.
     0 | D:1      | Reached XP level 1. HP: 11/11 MP: 2/2
   118 | D:1      | Reached XP level 2. HP: 16/16 MP: 3/3
   903 | D:1      | Reached ** piety under Trog
  1243 | D:2      | Reached skill level 1 in Armour
  1243 | D:2      | Reached skill level 5 in Dodging
  1243 | D:2      | Reached XP level 3. HP: 19/19 MP: 4/4
  1420 | D:2      | Found a glowing golden altar of the Shining One.
  1770 | D:2      | Reached XP level 4. HP: 21/23 MP: 5/5
  1812 | D:2      | Reached skill level 4 in Short Blades
  2051 | D:2      | Reached skill level 3 in Fighting
  2317 | D:2      | HP: 6/24 [rat (3)]
  2531 | D:2      | Reached *** piety under Trog
  2589 | D:2      | Paralysed by fainting for 7 turns
  2606 | D:2      | Paralysed by fainting for 5 turns
  2682 | D:2      | Paralysed by fainting for 9 turns
  2708 | D:3      | Found a shadowy altar of Dithmenos.
  2708 | D:3      | Found a glowing silver altar of Zin.
  2716 | D:3      | Paralysed by fainting for 6 turns
  2731 | D:3      | Paralysed by fainting for 8 turns
  2788 | D:3      | Paralysed by fainting for 6 turns
  2820 | D:3      | Paralysed by fainting for 7 turns
  2832 | D:3      | Paralysed by fainting for 12 turns
  2840 | D:3      | Starved to death

Levels and vault maps discovered:
D:1:      moated_graveyard_arrival, layout_basic
D:2:      layout_basic, lemuel_doored_altar, minmay_rat_gold_closets
D:3:      layout_rooms, nemelex_altar_shiori,
          chequers_temple_overflow_statue_of_worship, ebering_ghost_sewer_d

Skill      XL: |  1  2  3  4 |
---------------+-------------+-----
Armour         | 1 |  1.3
Dodging        | 5 |  5.6
Short Blades   | 4 |  4.2
Fighting       | 3 |  3.1

Action                   |  1- 3 |  4- 6 || total
-------------------------+-------+-------++-------
Melee: Short sword       |   107 |   141 ||   248
Invok: Berserk           |     5 |       ||     5
  Use: Scroll            |       |     4 ||     4
       Potion            |       |     2 ||     2
 Stab: Sleeping          |     4 |     3 ||     7
  Eat: Ration            |     1 |       ||     1
Armor: Animal skin       |     9 |    15 ||    24
Dodge: Dodged            |    70 |    94 ||   164
Block: Buckler           |       |     8 ||     8

Table legend:
 A = Non-vault XP
 B = Vault XP
 C = Vault XP percentage of total XP
 D = Non-vault monster count
 E = Vault monster count
 F = Vault count percentage of total count
                 A         B        C        D         E       F
            +---------+---------+-------+---------+---------+-------
      Total |     166 |      10 |   5.7 |      58 |      10 |  14.7
            +---------+---------+-------+---------+---------+-------
        D:1 |      40 |       0 |   0.0 |      23 |       0 |   0.0
        D:2 |     120 |      10 |   7.7 |      32 |      10 |  23.8
        D:3 |       6 |       0 |   0.0 |       3 |       0 |   0.0
            +---------+---------+-------+---------+---------+-------

Levels and vault maps discovered:
D:1:      moated_graveyard_arrival, layout_basic
D:2:      layout_basic, lemuel_doored_altar, minmay_rat_gold_closets
D:3:      layout_rooms, nemelex_altar_shiori,
          chequers_temple_overflow_statue_of_worship, ebering_ghost_sewer_d

Table legend:
 A = Turns spent in this place as a percentage of turns spent in the entire game.
 B = Non-inter-level travel turns spent in this place as a percentage of non-inter-level travel turns spent in the entire game.
 C = Inter-level travel turns spent in this place as a percentage of turns spent in this place.
 D = Turns resting spent in this place as a percentage of non-inter-level travel turns spent in this place.
 E = Turns spent auto-exploring this place as a percentage of non-inter-level travel turns spent in this place.
 F = Non-inter-level travel turns spent in this place divided by the number of levels of this place that you've seen.
                   A       B       C       D       E      F
               +-------+-------+-------+-------+-------+----------------------
         Total | 100.0 | 100.0 |   7.4 |  17.9 |  42.8 | 876.7
       Dungeon | 100.0 | 100.0 |   7.4 |  17.9 |  42.8 | 876.7
               +-------+-------+-------+-------+-------+----------------------

Table legend:
 A = Kills in this place as a percentage of kills in entire the game.
 B = Kills by you in this place as a percentage of kills by you in the entire game.
 C = Kills by friends in this place as a percentage of kills by friends in the entire game.
 D = Other kills in this place as a percentage of other kills in the entire game.
 E = Experience gained in this place as a percentage of experience gained in the entire game.
 F = Experience gained in this place divided by the number of levels of this place that you have seen.
                   A       B       C       D       E      F
               +-------+-------+-------+-------+-------+----------------------
         Total | 100.0 | 100.0 |   N/A |   N/A | 100.0 |  58.7
       Dungeon | 100.0 | 100.0 |   N/A |   N/A | 100.0 |  58.7
               +-------+-------+-------+-------+-------+----------------------
